 Dungeon Crawl Stone Soup version 0.23.2-40-g277498a001 (webtiles) character file.

Game seed: 2032988892910981004

24327 Marnok the Carver (level 12, -1/108 HPs)
             Began as a Minotaur Fighter on Oct 14, 2019.
             Was a High Priest of Wu Jian.
             Slain by a 15-headed hydra (2 damage)
             ... on level 14 of the Dungeon.
             The game lasted 01:05:23 (14083 turns).

Marnok the Carver (Minotaur Fighter)               Turns: 14083, Time: 01:05:23

Health: -1/108     AC: 28    Str: 28    XL:     12   Next: 79%
Magic:  11/11      EV:  9    Int: 14    God:    Wu Jian [*****.]
Gold:   465        SH: 25    Dex: 15    Spells: 11/11 levels left

rFire    + . .     SeeInvis +   j - +3 long sword (elec)
rCold    . . .     Gourm    .   G - +1 large shield {rPois}
rNeg     . . .     Faith    .   r - +5 plate armour of Insatiable Hunger {Int+7 SInv}
rPois    +         Spirit   .   d - +2 hat
rElec    .         Reflect  +   B - +0 cloak
rCorr    .         Harm     .   q - +2 pair of gloves
MR       .....     Clarity  +   P - +0 pair of boots Stlth ..........NoTele +
                                k - +3 amulet of reflection
HPRegen  0.28/turn              b - ring "Gewor" {Wiz -Tele rF+ Dex+5}
MPRegen  0.12/turn              (no ring)

@: very slightly contaminated, hasted, studying Polearms, invisible, very quick
A: retaliatory headbutt, horns 2, talons 1, clarity, clever 1, strong 1
a: Wall Jump, Serpent's Lash, Heavenly Storm, Renounce Religion


You were on level 14 of the Dungeon.
You worshipped Wu Jian.
Wu Jian was extremely pleased with you.
You were not hungry.

You visited 3 branches of the dungeon, and saw 17 of its levels.
You also visited: Sewer.

You collected 1504 gold pieces.
You spent 1039 gold pieces at shops.

Inventory:

Hand Weapons
 j - a +3 long sword of electrocution (weapon)
Missiles
 u - 4 poisoned javelins (quivered)
Armour
 d - a +2 hat (worn)
 q - a +2 pair of gloves (worn)
 r - the +5 plate armour of Insatiable Hunger (worn) {Int+7 SInv}
   (You found it on level 11 of the Dungeon)

   It affects your intelligence (+7).
   It lets you see invisible.
 t - a +1 troll leather armour
 B - a +0 cloak (worn)
 E - a cursed +0 chain mail
 F - a +2 scale mail of fire resistance
 G - a +1 large shield of poison resistance (worn)
 P - a +0 pair of boots (worn)
Jewellery
 b - the ring "Gewor" (left hand) {Wiz -Tele rF+ Dex+5}
   (You found it on level 11 of the Dungeon)

   [ring of wizardry]

   It improves your spell success rate.
   It affects your dexterity (+5).
   It protects you from fire.
   It prevents most forms of teleportation.
 k - a +3 amulet of reflection (around neck)
Wands
 l - a wand of disintegration (8)
 y - a wand of paralysis (6)
 C - a wand of random effects (20)
 D - a wand of iceblast (15)
Scrolls
 n - 3 scrolls of blinking
 o - 12 scrolls of teleportation
 p - 3 scrolls of fear
 s - 2 scrolls of magic mapping
 v - a scroll of holy word
 x - 3 scrolls of fog
 z - a scroll of enchant weapon
 A - a scroll of remove curse
 H - 2 scrolls of identify
 I - 3 scrolls of amnesia
Potions
 e - a potion of brilliance
 g - 5 potions of mutation
 i - 5 potions of agility
 m - 2 potions of flight
 w - 3 potions of magic
Books
 h - a manual of Polearms
Comestibles
 a - 4 chunks of flesh
 f - 24 rations


   Skills:
 + Level 10.9 Fighting
 + Level 14.2 Long Blades
 + Level 11.3 Armour
 + Level 6.2 Dodging
 + Level 2.5 Stealth
 + Level 13.6 Shields
 + Level 0.1 Evocations


You had 11 spell levels left.
You didn't know any spells.
Your spell library contained the following spells:

 Spells                   Type           Power        Failure   Level  Hunger
 Apportation              Tloc           #.....       97%         1    ##.....
 Corona                   Hex            #......      97%         1    ##.....
 Freeze                   Ice            #...         97%         1    ##.....
 Infusion                 Chrm           #...         97%         1    ##.....
 Magic Dart               Conj           #...         97%         1    ##.....
 Summon Butterflies       Summ           #.......     97%         1    ##.....
 Blink                    Tloc           N/A          99%         2    ###....
 Call Imp                 Summ           #.......     99%         2    ###....
 Ensorcelled Hibernation  Hex/Ice        #.....       99%         2    ###....
 Shroud of Golubria       Chrm/Tloc      #.........   99%         2    ###....
 Slow                     Hex            #.......     99%         2    ###....
 Song of Slaying          Chrm           #.......     99%         2    ###....
 Throw Frost              Conj/Ice       #.....       99%         2    ###....
 Confuse                  Hex            #.......     100%        3    ####...
 Conjure Flame            Conj/Fire      #.......     100%        3    ####...
 Dazzling Spray           Conj/Hex       #.....       100%        3    ####...
 Lesser Beckoning         Tloc           #.........   100%        3    ####...
 Mephitic Cloud           Conj/Pois/Air  #.......     100%        3    ####...
 Ozocubu's Armour         Chrm/Ice       #.......     100%        3    ####...
 Regeneration             Chrm/Necr      #.........   100%        3    ####...
 Spectral Weapon          Hex/Chrm       #.......     100%        3    ####...
 Tukima's Dance           Hex            #.......     100%        3    ####...
 Summon Ice Beast         Ice/Summ       #.......     100%        4    #####..
 Throw Icicle             Conj/Ice       #.......     100%        4    #####..
 Alistair's Intoxication  Tmut/Pois      #.......     100%        5    ######.
 Invisibility             Hex            #.......     100%        6    #######


Dungeon Overview and Level Annotations

Branches:
Dungeon (14/15)            Temple (1/1) D:5            Lair (0/6) D:8
    Orc (2/2) D:10         Vaults (0/5) D:13
    Elf: Orc:2

Altars:
Cheibriados
Dithmenos
Elyvilon
Gozag
Hepliaklqana
Kikubaaqudgha
Nemelex Xobeh
Okawaru
Qazlal
Ru
Sif Muna
Trog
Uskayaw
Vehumet
Wu Jian
Xom
Yredelemnul
The Shining One

Shops:
D:4 ?   D:6 [   D:9 *   D:10 ([?   Orc:1 =

Portals:
Trove: D:12 (give +2 gold dragon scales)

Annotations:
Orc:2 Saint Roka


Innate Abilities, Weirdness & Mutations

You reflexively headbutt those who attack you in melee.
You have a pair of horns on your head.
You have sharp toenails.
You possess an exceptional clarity of mind.
Your mind is acute. (Int +2)
Your muscles are strong. (Str +2)


Message History

You block the 15-headed hydra's attack. The 15-headed hydra misses you.
You block the 15-headed hydra's attack. x3
The 15-headed hydra barely misses you. You block the 15-headed hydra's attack.
The 15-headed hydra bites you!
* * * LOW HITPOINT WARNING * * *
The 15-headed hydra bites you but does no damage.
The 15-headed hydra closely misses you. x2
The 15-headed hydra barely misses you. The 15-headed hydra closely misses you.
You block the 15-headed hydra's attack.
The 15-headed hydra bites you but does no damage.
You are very lightly contaminated with residual magic.
You feel yourself speed up.
The 15-headed hydra bites you but does no damage.
The 15-headed hydra barely misses you.
You block the 15-headed hydra's attack. x2
The 15-headed hydra barely misses you. The 15-headed hydra closely misses you.
The 15-headed hydra bites you but does no damage.
The 15-headed hydra barely misses you. The 15-headed hydra bites you.
* * * LOW HITPOINT WARNING * * *
The 15-headed hydra bites you.
You die...

####### ##.....##
##.......##
#.........#
#.........#
#.........#.#
#.....@...#.#
#.....D...#.######
#....../..(.......
#.....W..(#.......
#.........#.#..#
#.............#
#...........###
##.......†#.#
##.....#...#


You could see a 15-headed hydra and a phantom.

Vanquished Creatures
  Gastronok (D:8)
  The ghost of NeAGen181 the Fighter, a journeyman HOFi of Beogh (D:11)
  A yaktaur captain (D:11)
  2 vault guards (D:13)
  Erolcha (D:13)
  A hydra (D:12)
  A centaur warrior (D:13)
  2 two-headed ogres
  An orc high priest (Orc:1)
  2 unseen horrors (D:13)
  Pikel (D:8)
  A gargoyle (D:11)
  2 centaur skeletons
  A komodo dragon (shapeshifter) (D:11)
  An efreet (D:11)
  3 trolls
  3 hornets
  3 hippogriffs
  3 wraiths
  9 yaks
  A shadow (D:11)
  A vampire (D:13)
  A human (D:7)
  A wyvern (D:11)
  4 hogs (D:7)
  3 hungry ghosts
  2 basilisks
  10 wargs
  Edmund (D:6)
  3 water moccasins
  3 ice beasts
  4 sky beasts
  A slave (D:8)
  2 phantoms (D:9)
  9 orc warriors
  5 centaurs (D:12)
  2 necrophages
  7 ogres
  A big kobold (D:10)
  6 bullfrogs
  A gnoll sergeant (D:7)
  4 scorpions
  A wyvern skeleton (D:12)
  2 electric eels (D:11)
  A howler monkey (D:4)
  6 wights
  2 bullfrog zombies
  A centaur zombie (D:6)
  4 crimson imps
  5 hounds
  2 jellies
  Crazy Yiuf (D:6)
  5 bullfrog skeletons
  12 orc priests
  5 iguanas
  16 orc wizards
  6 worker ants
  A hound zombie (D:11)
  A hound skeleton (D:6)
  3 worker ant zombies
  8 gnolls
  21 adders
  A shadow imp (D:9)
  6 oozes
  8 worms
  5 dart slugs
  14 leopard geckos
  61 orcs
  4 ball pythons
  13 bats
  4 giant cockroaches
  5 goblins
  8 hobgoblins
  21 jackals
  11 kobolds
  6 quokkas
  6 frilled lizards
  A leopard gecko skeleton (D:8)
  A quokka skeleton (D:5)
  3 rats
  A plant (D:11)
394 creatures vanquished.

Vanquished Creatures (others)
  A cyclops (D:14)
  A slave (D:8)
  A centaur (D:11)
  An orc wizard (D:8)
  2 orc priests
  An adder (D:8)
  An orc (D:8)
  A jackal (D:8)
  A quokka (D:8)
10 creatures vanquished.

Grand Total: 404 creatures vanquished

Notes
Turn   | Place    | Note
-------+----------+-------------------------------------------
     0 | D:1      | Marnok the Minotaur Fighter began the quest for the Orb.
     0 | D:1      | Reached XP level 1. HP: 19/19 MP: 0/0
    75 | D:1      | Reached XP level 2. HP: 12/27 MP: 1/1
   774 | D:2      | Reached XP level 3. HP: 29/33 MP: 2/2
  1097 | D:2      | Reached skill level 3 in Long Blades
  1276 | D:2      | Reached XP level 4. HP: 40/40 MP: 3/3
  1384 | D:5      | Entered Level 5 of the Dungeon
  1427 | D:5      | Reached skill level 1 in Dodging
  1500 | D:5      | Noticed an ogre
  1514 | D:5      | Killed an ogre
  1514 | D:5      | Reached skill level 4 in Long Blades
  1514 | D:5      | Reached XP level 5. HP: 6/47 MP: 4/4
  1688 | D:5      | Found a glowing drain.
  1694 | D:5      | Noticed an ogre
  1698 | D:5      | Gained mutation: You have sharp toenails. [potion of
                  | mutation]
  1698 | D:5      | Gained mutation: You possess an exceptional clarity of
                  | mind. [potion of mutation]
  1698 | D:5      | Gained mutation: Your muscles are strong. (Str +2) [potion
                  | of mutation]
  1698 | D:5      | Gained mutation: Your mind is acute. (Int +2) [potion of
                  | mutation]
  1699 | D:5      | Reached skill level 5 in Long Blades
  1699 | D:5      | Reached XP level 6. HP: 28/55 MP: 5/5
  1721 | D:5      | HP: 2/55 [poisoned by an adder]
  1727 | D:5      | HP: 2/55 [poisoned by an adder]
  1733 | D:5      | HP: 2/55 [poisoned by an adder]
  1868 | D:5      | Reached skill level 5 in Armour
  1876 | Sewer    | Entered a sewer
  2449 | Sewer    | Reached skill level 5 in Shields
  2676 | D:3      | Found a hide-covered altar of Uskayaw.
  3279 | D:4      | Reached skill level 5 in Fighting
  3279 | D:4      | Reached XP level 7. HP: 43/61 MP: 6/6
  3372 | D:4      | Found Mobixt's Magic Scroll Shop.
  3387 | D:4      | Bought a scroll of identify for 28 gold pieces
  3387 | D:4      | Bought a scroll of teleportation for 42 gold pieces
  3387 | D:4      | Bought a scroll of teleportation for 42 gold pieces
  3387 | D:4      | Bought a scroll of holy word for 105 gold pieces
  3387 | D:4      | Bought a scroll of identify for 28 gold pieces
  3390 | D:4      | Reached skill level 6 in Long Blades
  4376 | D:5      | Found a staircase to the Ecumenical Temple.
  4385 | Temple   | Entered the Ecumenical Temple
  4493 | Temple   | Became a worshipper of the Wu Jian Council
  4893 | D:6      | Reached skill level 7 in Long Blades
  4904 | D:6      | Reached XP level 8. HP: 26/70 MP: 7/7
  5354 | D:6      | Found Zeiskogi's Armour Emporium.
  5385 | D:6      | Reached * piety under Wu Jian
  5393 | D:6      | Reached skill level 8 in Long Blades
  5421 | D:6      | Noticed Edmund
  5426 | D:6      | Killed Edmund
  5522 | D:6      | Found a runed translucent door.
  5523 | D:6      | Noticed Crazy Yiuf
  5531 | D:6      | Killed Crazy Yiuf
  5645 | D:6      | Found a basalt altar of Yredelemnul.
  5645 | D:6      | Found a deep blue altar of Sif Muna.
  5853 | D:7      | Reached skill level 9 in Long Blades
  6235 | D:7      | Reached XP level 9. HP: 78/78 MP: 8/8
  6247 | D:7      | Reached ** piety under Wu Jian
  6341 | D:8      | Noticed Pikel
  6352 | D:8      | Killed Pikel
  6542 | D:7      | Reached skill level 1 in Stealth
  6728 | D:7      | Reached skill level 10 in Long Blades
  7066 | D:8      | Noticed Gastronok
  7079 | D:8      | Killed Gastronok
  7079 | D:8      | Reached XP level 10. HP: 44/88 MP: 9/9
  7511 | D:9      | Found Ysooc's Mass Market.
  7518 | D:10     | Entered Level 10 of the Dungeon
  7518 | D:10     | Found Tesig's Armour Emporium.
  7527 | D:9      | Reached skill level 11 in Long Blades
  7627 | D:9      | Reached skill level 5 in Dodging
  7781 | D:8      | Reached skill level 10 in Shields
  7787 | D:8      | Reached *** piety under Wu Jian
  7788 | D:8      | Found a staircase to the Lair.
  7980 | D:8      | Reached skill level 10 in Armour
  8320 | D:8      | Found a snail-covered altar of Cheibriados.
  8948 | D:9      | Found a sacrificial altar of Ru.
  8973 | D:10     | Found a staircase to the Orcish Mines.
  8985 | D:10     | Found Icuaplou's Magic Scroll Emporium.
  8995 | D:10     | Reached XP level 11. HP: 47/95 MP: 10/10
  9054 | D:10     | Bought a scroll of teleportation for 48 gold pieces
  9054 | D:10     | Bought a scroll of identify for 32 gold pieces
  9054 | D:10     | Bought a scroll of enchant weapon for 120 gold pieces
  9054 | D:10     | Bought a scroll of teleportation for 48 gold pieces
  9108 | D:10     | Bought a +2 pair of gloves for 247 gold pieces
  9172 | D:10     | Noticed a two-headed ogre
  9191 | D:9      | Killed a two-headed ogre
  9390 | D:9      | Reached **** piety under Wu Jian
  9727 | D:10     | Found Kaulepn's Weapon Shoppe.
  9896 | Orc:1    | Entered Level 1 of the Orcish Mines
 10003 | Orc:1    | Found Cufysh's Jewellery Boutique.
 10048 | Orc:1    | Bought a +3 amulet of reflection for 251 gold pieces
 10426 | Orc:2    | Entered Level 2 of the Orcish Mines
 10438 | Orc:2    | Noticed an orc high priest
 10440 | Orc:2    | Noticed Saint Roka
 10675 | Orc:1    | Reached skill level 12 in Long Blades
 11101 | Orc:1    | Killed an orc high priest
 11320 | D:10     | Bought a scroll of remove curse for 48 gold pieces
 11594 | D:11     | Got a scintillating platinum ring
 11596 | D:11     | Identified the ring "Gewor" {Wiz -Tele rF+ Dex+5} (You
                  | found it on level 11 of the Dungeon)
 11826 | D:11     | Found a transporter.
 11845 | D:11     | Found a transporter.
 11845 | D:11     | Noticed NeAGen181's ghost (journeyman HOFi)
 11848 | D:11     | Noticed a two-headed ogre
 11993 | D:11     | Reached ***** piety under Wu Jian
 12085 | D:11     | Noticed a yaktaur captain
 12091 | D:11     | Killed a yaktaur captain
 12094 | D:11     | Got an encrusted plate armour
 12096 | D:11     | Identified the +5 plate armour of Insatiable Hunger {Int+7
                  | SInv} (You found it on level 11 of the Dungeon)
 12289 | D:11     | Reached skill level 10 in Fighting
 12305 | D:11     | Reached skill level 13 in Long Blades
 12305 | D:11     | Reached XP level 12. HP: 92/106 MP: 11/11
 12587 | D:11     | Killed a two-headed ogre
 12602 | D:11     | Killed NeAGen181's ghost
 12728 | D:12     | Found a glowing golden altar of the Shining One.
 12822 | D:12     | Found a portal to a secret trove of treasure.
 12912 | D:12     | Noticed a seven-headed hydra
 12925 | D:12     | Killed a 15-headed hydra
 13307 | D:13     | Noticed Erolcha
 13316 | D:13     | Killed Erolcha
 13522 | D:13     | Noticed a centaur warrior
 13522 | D:13     | Noticed a vault guard
 13523 | D:13     | Noticed a vault guard
 13523 | D:13     | Noticed a vault guard
 13524 | D:13     | Found a gate to the Vaults.
 13524 | D:13     | Noticed a four-headed hydra
 13525 | D:13     | Noticed a vault guard
 13531 | D:13     | Killed a vault guard
 13536 | D:13     | Killed a centaur warrior
 13849 | D:13     | Reached skill level 14 in Long Blades
 13913 | D:13     | Killed a vault guard
 14082 | D:14     | HP: 5/108 [15-headed hydra (7)]
 14083 | D:14     | HP: 1/108 [15-headed hydra (5)]
 14083 | D:14     | Slain by a 15-headed hydra

Skill      XL: |  1  2  3  4  5  6  7  8  9 10 11 12 |
---------------+-------------------------------------+-----
Shields        | 4 5 6 7 9 10 11 13 | 13.6
Armour         | 4 5 6 9 10 11 | 11.3
Fighting       | 4 5 6 8 10 | 10.9
Long Blades    | 3 4 5 7 9 10 11 13 14 | 14.2
Dodging        | 1 2 3 4 5 6 |  6.2
Stealth        | 1 2 |  2.5
Evocations     | |  0.1

Action                   |  1- 3 |  4- 6 |  7- 9 | 10-12 || total
-------------------------+-------+-------+-------+-------++-------
Melee: Long sword        |    83 |   124 |   256 |   637 ||  1100
       Headbutt          |    10 |    15 |    37 |   139 ||   201
       Kick              |       |    19 |    70 |    31 ||   120
Invok: Lunge             |       |       |    22 |    34 ||    56
       Whirlwind         |       |       |     2 |    35 ||    37
Evoke: Wand              |       |       |       |     1 ||     1
  Use: Scroll            |     3 |     6 |     9 |    11 ||    29
       Potion            |       |     5 |     1 |    12 ||    18
 Stab: Sleeping          |       |       |       |     2 ||     2
       Invisible         |       |       |       |     2 ||     2
  Eat: Chunk             |     1 |     7 |    12 |    18 ||    38
       Ration            |       |       |       |     2 ||     2
Armor: Scale mail        |    39 |    38 |    53 |    59 ||   189
       Troll leather arm |       |       |       |    15 ||    15
       Plate armour      |       |       |       |   166 ||   166
Dodge: Dodged            |    41 |    45 |    74 |   208 ||   368
Block: Shield            |    31 |    76 |   133 |   432 ||   672
       Buckler           |     6 |     3 |       |       ||     9
       Reflection        |       |       |       |    12 ||    12
       Large shield      |       |       |       |    70 ||    70
       Rpst.: Long sword |     9 |    16 |    22 |    44 ||    91
